[Event "Titled Tuesday Blitz June 6 Late 2023"]
[White "Martinez Ramirez, Lennis"]
[Black "Mei, Austin"]
[WhiteFideId "3509079"]
[BlackFideId "30948479"]
[WhiteElo "2410"]
[BlackElo "2125"]
[Result "1-0"]
[Round "7"]
[TimeControl "180+2"]
[Date "2023.06.07"]
[WhiteClock "0:00:17"]
[BlackClock "0:00:14"]
[Board "53"]

1. d4 Nf6 2. Bg5 c5 3. d5 d6 4. Nc3 h6 5. Bxf6 exf6 6. e4 g6 7. Bb5+ Nd7 8. a4 Bg7 9. Qf3 O-O 10. Qg3 a6 11. Be2 Qb6 12. O-O-O c4 13. h4 Nc5 14. h5 g5 15. f4 Bd7 16. Bg4 Bxa4 17. Bf5 Bd7 18. Nf3 Bxf5 19. exf5 Kh7 20. Nd2 Qb4 21. Rhe1 Rfe8 22. Nde4 Nxe4 23. Nxe4 a5 24. fxg5 fxg5 25. f6 Bf8 26. Qg4 a4 27. Re3 a3 28. bxa3 Rxa3 29. Rxa3 Qxa3+ 30. Kd2 Qa5+ 31. Ke3 Qc3+ 32. Kf2 Qxc2+ 33. Ke3 Qb3+ 34. Kd4 Qb6+ 35. Kxc4 Qa6+ 36. Kd4 Qa4+ 37. Kd3 Kg8 38. Rc1 Qb3+ 39. Nc3 Re5 40. Qc4 Qb2 41. Rc2 Qa1 42. Qa2 Qf1+ 43. Re2 Qf5+ 44. Kc4 Qxf6 45. Qd2 Qf4+ 46. Qxf4 gxf4 47. Rxe5 dxe5 48. Ne4 f5 49. Nf6+ Kf7 50. Nd7 Ke7 51. Nxe5 Bg7 52. Ng6+ Kd6 53. Nxf4 Be5 54. Nd3 b5+ 55. Kxb5 Kxd5 56. Ne1 Ke4 57. Nf3 Bf4 58. Kc6 Ke3 59. Kd7 Kf2 60. Nh4 Bg5 61. Nxf5 Kxg2 62. Ke6 Kh3 63. Ng7 Kg4 64. Kf7 Bd2 65. Kg6 Bc3 66. Nf5 Kf4 67. Nxh6 Ke5 68. Nf7+ Ke6 69. h6 Ke7 70. h7 Kf8 71. Nd6 Bb2 72. Ne4 Ba1 73. Ng5 Bb2 74. Ne6+ Ke7 75. Ng7 Bxg7 76. Kxg7 Ke6 77. h8=Q Kd5 78. Kf6 Kc4 79. Ke5 Kb3 80. Kd4 1-0


[Site "https://www.chess.com"]

[Event "Titled Tuesday Blitz June 6 Late 2023"]
[White "Mayeregger, Arnold"]
[Black "Lopez Mulet, Inigo"]
[WhiteFideId "3705226"]
[BlackFideId "22235620"]
[WhiteElo "2038"]
[BlackElo "2302"]
[Result "1-0"]
[Round "7"]
[TimeControl "180+2"]
[Date "2023.06.07"]
[WhiteClock "0:01:06"]
[BlackClock "0:01:49"]
[Board "54"]

1. d4 b6 2. e4 Bb7 3. Bd3 g6 4. Nf3 Bg7 5. c3 d6 6. O-O Nd7 7. Bg5 h6 8. Bh4 g5 9. Bg3 e6 10. Re1 Ne7 11. Nbd2 a6 12. a4 Ng6 13. h3 O-O 14. e5 dxe5 15. Bxg6 fxg6 16. Bxe5 Nxe5 17. Nxe5 Qd5 18. f3 Kh7 19. Qc2 Rf5 20. g4 Rf6 21. Ndc4 Raf8 22. Nd2 Kg8 23. Qd3 c5 24. Ne4 Rf4 25. Nxg6 Rxf3 26. Ne7+ Kh8 27. Qxf3 Rxf3 28. Nxd5 Bxd5 29. dxc5 bxc5 30. Nxc5 Rxh3 31. Nxe6 Rg3+ 32. Kf2 Rg2+ 33. Kf1 Rxb2 34. Nxg7 Kxg7 35. Rad1 Bf3 36. Rd6 Bxg4 37. Re7+ Kf8 38. Ra7 Rb8 39. Rxh6 Kg8 40. Rg6+ Kh8 41. Rxg5 Rf8+ 42. Ke1 Re8+ 43. Kd2 Bf3 44. c4 Be2 45. c5 Bc4 46. c6 Rc8 47. c7 Kh7 48. Rc5 Bb3 49. Rb7 Bxa4 50. Rb8 Bd7 51. Rxc8 Bxc8 52. Rd5 Kg7 53. Rd8 Bg4 54. c8=Q Bxc8 55. Rxc8 Kf7 56. Rc6 1-0


[Site "https://www.chess.com"]

[Event "Titled Tuesday Blitz June 6 Late 2023"]
[White "Urbina Perez, Juan Antonio"]
[Black "Amburgy, Ryan"]
[WhiteFideId "2217368"]
[BlackFideId "30924820"]
[WhiteElo "2197"]
[BlackElo "2134"]
[Result "0-1"]
[Round "7"]
[TimeControl "180+2"]
[Date "2023.06.07"]
[WhiteClock "0:00:41"]
[BlackClock "0:00:32"]
[Board "55"]

1. d4 Nf6 2. Nf3 d5 3. c4 e6 4. g3 Bb4+ 5. Bd2 Bd6 6. Bg2 c6 7. O-O O-O 8. b3 Ne4 9. Bc1 Nd7 10. Bb2 b6 11. Nbd2 f5 12. Ne5 Nxe5 13. dxe5 Be7 14. Nxe4 dxe4 15. Qxd8 Rxd8 16. Rfd1 Bb7 17. f4 a5 18. Kf2 Kf7 19. e3 Ke8 20. Bf1 a4 21. Be2 g6 22. Rxd8+ Kxd8 23. Rd1+ Kc7 24. Ra1 Bc8 25. Bd4 Bd7 26. Ke1 Bb4+ 27. Kf2 c5 28. Bb2 a3 29. Bc1 Bc6 30. Bf1 Rd8 31. Be2 Kb7 32. Rb1 Ka6 33. g4 Ka5 34. gxf5 gxf5 35. h3 b5 36. cxb5 Bxb5 37. Bxb5 Kxb5 38. Ke2 Rd3 39. Ra1 Kc6 40. Rb1 Kd7 41. Ra1 Ke7 42. Rb1 Kf7 43. Ra1 Kg6 44. Kf2 Kh5 45. Kg3 Rd8 46. Rb1 Rd1 47. Kf2 Kh4 48. Ke2 Rd3 49. Kf2 Kxh3 50. Bxa3 Rd2+ 51. Kf1 Bxa3 0-1


[Site "https://www.chess.com"]

[Event "Titled Tuesday Blitz June 6 Late 2023"]
[White "Yeritsyan, Hayk"]
[Black "Papp, Levente"]
[WhiteFideId "13307320"]
[BlackFideId "751243"]
[WhiteElo "2497"]
[BlackElo "2380"]
[Result "0-1"]
[Round "7"]
[TimeControl "180+2"]
[Date "2023.06.07"]
[WhiteClock "0:00:07"]
[BlackClock "0:00:11"]
[Board "56"]

1. d4 e6 2. Nf3 b6 3. e3 Bb7 4. Bd3 Nf6 5. Nbd2 Be7 6. c3 O-O 7. O-O d5 8. Ne5 Nbd7 9. f4 Ne4 10. Nxd7 Qxd7 11. Nxe4 dxe4 12. Be2 c5 13. dxc5 Qc7 14. cxb6 axb6 15. Qc2 Bc5 16. Rb1 Rxa2 17. Bc4 Raa8 18. Qe2 Rac8 19. Bb5 Rfd8 20. b4 Be7 21. Bb2 Bd5 22. Rfd1 Bb3 23. Rxd8+ Rxd8 24. c4 Qa7 25. Bd4 Qa3 26. Qb2 Qxb2 27. Rxb2 Bd1 28. Bxb6 Ra8 29. Bd4 g5 30. g3 gxf4 31. exf4 Bf3 32. Kf2 Ra1 33. Be3 Rh1 34. Bd4 Rxh2+ 35. Ke3 Rh1 36. c5 f6 37. c6 e5 38. Bc5 Bd8 39. Bd6 Bb6+ 40. Bc5 Bc7 41. Rd2 exf4+ 42. gxf4 Bg4 43. Rd7 Bxd7 44. cxd7 f5 45. Kd4 Rd1+ 46. Ke3 Kf7 47. Bc4+ Kg7 48. b5 Rxd7 49. b6 Bd6 50. Bd4+ Kh6 51. Bd5 Bb8 52. b7 Rxd5 53. Be5 Bxe5 54. fxe5 Rb5 55. Kf4 Rxb7 56. Kxf5 Re7 57. Kxe4 Kg5 58. Kd5 Kf5 59. Kd6 Re6+ 0-1


[Site "https://www.chess.com"]

[Event "Titled Tuesday Blitz June 6 Late 2023"]
[White "Eugene, Floryan"]
[Black "Shohat, Yotam"]
[WhiteFideId "20694784"]
[BlackFideId "2813955"]
[WhiteElo "2369"]
[BlackElo "2226"]
[Result "1-0"]
[Round "7"]
[TimeControl "180+2"]
[Date "2023.06.07"]
[WhiteClock "0:01:36"]
[BlackClock "0:02:16"]
[Board "57"]

1. d4 Nf6 2. c4 e6 3. g4 Nxg4 4. e4 Nf6 5. Nc3 Bb4 6. e5 Ne4 7. Qc2 d5 8. Bg2 Nxc3 9. bxc3 Be7 10. Nf3 b6 11. Rg1 Ba6 12. cxd5 exd5 13. h4 Bxh4 14. Nxh4 Qxh4 15. Bxd5 c6 16. Bxf7+ Kxf7 17. Qf5+ Ke8 18. Bg5 1-0


[Site "https://www.chess.com"]

[Event "Titled Tuesday Blitz June 6 Late 2023"]
[White "Barria Santos, Jose Guilherme"]
[Black "Fiorito, Joaquin"]
[WhiteFideId "1939300"]
[BlackFideId "180173"]
[WhiteElo "2266"]
[BlackElo "2199"]
[Result "0-1"]
[Round "7"]
[TimeControl "180+2"]
[Date "2023.06.07"]
[WhiteClock "0:00:04"]
[BlackClock "0:00:12"]
[Board "58"]

1. d4 Nf6 2. c4 e6 3. Nf3 d5 4. g3 Bb4+ 5. Bd2 a5 6. Bg2 dxc4 7. O-O O-O 8. Qc2 Bxd2 9. Nbxd2 b5 10. a4 c6 11. b3 cxb3 12. Nxb3 Nd5 13. Rfc1 Ra6 14. Nc5 Rb6 15. axb5 Rxb5 16. Ne5 Nb4 17. Qc4 f6 18. Nxc6 N8xc6 19. Bxc6 Rb6 20. Bf3 Rd6 21. e3 Kh8 22. Nb3 Ba6 23. Qc7 Nd3 24. Qxd8 Rfxd8 25. Rc7 e5 26. Rxa5 Rb8 27. Be4 h5 28. Ra3 exd4 29. Nxd4 Ne5 30. Rc1 g6 31. Rca1 Bc4 32. Ra8 Rxa8 33. Rxa8+ Kg7 34. Ra7+ Kh6 35. h3 Rb6 36. Ra1 f5 37. Bg2 Rb2 38. Rc1 Rxf2 39. Kxf2 Nd3+ 40. Kf3 Nxc1 41. h4 Nd3 42. Bh3 Kg7 43. Kg2 Bd5+ 44. Kf1 Kf6 45. Ke2 Bc4 46. Kd2 Nc5 47. Kc3 Bd5 48. Kd2 Ne4+ 49. Ke2 Nxg3+ 50. Kf2 Ne4+ 51. Kg1 Ke5 52. Ne2 Nf6 53. Nf4 Bf7 54. Kf2 Ne4+ 55. Ke1 Kf6 56. Bf1 Bb3 57. Bd3 Nc5 58. Be2 Nd7 59. Kf2 Ne5 60. Kg3 Bf7 61. Bd1 Nc4 62. Kf2 Nd6 63. Be2 Ne4+ 64. Kg1 Ke5 65. Bf3 Nd2 66. Bg2 Nc4 67. Kf2 Nd6 68. Bf3 Kf6 69. Kg3 Nb5 70. Kf2 Nc3 71. Kg3 Nb5 72. Bd5 Nc7 73. Bf3 Ne6 74. Nh3 Nc5 75. Nf4 Nd7 76. Kf2 Ne5 77. Be2 Ng4+ 78. Bxg4 fxg4 79. Kg3 Be8 80. Nd3 Bc6 81. Kf4 Bd7 82. Nf2 Bf5 83. e4 Be6 84. e5+ Kg7 85. Ne4 Bf5 86. Ng3 Kf7 87. Ne2 Ke6 88. Nd4+ Ke7 89. Ne2 Kd7 90. Kg5 Ke6 91. Kf4 Kd5 92. Ng3 Ke6 93. Ne2 Bd3 94. Ng3 Kd5 95. Nh1 Be4 96. Ng3 Bf3 97. Nf1 Kd4 98. e6 Bc6 99. e7 Be8 100. Ng3 Kd5 101. Kg5 Ke6 102. Ne4 Kxe7 103. Nc5 Bf7 104. Ne4 Ke6 105. Kf4 Be8 106. Ng5+ Kf6 107. Ne4+ Ke6 108. Ng5+ Kd5 109. Ne4 Bd7 110. Nf6+ Ke6 111. Ne4 Bc6 112. Ng3 Kf6 113. Ne2 Bd7 114. Ng3 Bf5 115. Nf1 Ke6 116. Ne3 Kd6 117. Nf1 Kd5 118. Ne3+ Kd4 119. Nf1 Kd3 120. Ng3 Kd2 121. Nf1+ Ke1 122. Ng3 Kf2 123. Nh1+ Kg2 124. Ng3 Kh3 125. Ne2 Kxh4 126. Ng3 Kh3 127. Nf1 h4 0-1


[Site "https://www.chess.com"]

[Event "Titled Tuesday Blitz June 6 Late 2023"]
[White "Van Dael, Siem"]
[Black "Domingo Nunez, Alejandro"]
[WhiteFideId "1049771"]
[BlackFideId "22245561"]
[WhiteElo "2336"]
[BlackElo "2291"]
[Result "1-0"]
[Round "7"]
[TimeControl "180+2"]
[Date "2023.06.07"]
[WhiteClock "0:00:09"]
[BlackClock "0:00:02"]
[Board "59"]

1. e4 g6 2. d4 Bg7 3. Nc3 c6 4. Nf3 d5 5. h3 dxe4 6. Nxe4 Nf6 7. Nxf6+ exf6 8. Bd3 O-O 9. O-O a5 10. Re1 Na6 11. c3 Nc7 12. a4 Nd5 13. Bd2 Be6 14. Nh2 Qd6 15. Ng4 h5 16. Ne3 Nf4 17. Bf1 Qc7 18. Qf3 Rfe8 19. Bc4 Bxc4 20. Nxc4 Nd5 21. Re2 Rxe2 22. Qxe2 c5 23. dxc5 Qxc5 24. Be3 Qc6 25. Rd1 Nxe3 26. fxe3 Re8 27. Nxa5 Qxa4 28. Nxb7 Qa7 29. Qb5 Qxe3+ 30. Kh1 Bh6 31. Nd6 Rd8 32. Qd5 Qe7 33. c4 Bf4 34. c5 Rd7 35. Nf5 gxf5 36. Qxd7 Qe3 37. Qd3 Qxc5 38. Qf3 1-0


[Site "https://www.chess.com"]

[Event "Titled Tuesday Blitz June 6 Late 2023"]
[White "Omranalhosani21"]
[Black "Kashtanov, Ruslan"]
[BlackFideId "4124871"]
[WhiteElo "2614"]
[BlackElo "2263"]
[Result "1-0"]
[Round "7"]
[TimeControl "180+2"]
[Date "2023.06.07"]
[WhiteClock "0:01:21"]
[BlackClock "0:00:39"]
[Board "60"]

1. e4 c5 2. Nf3 d6 3. d4 cxd4 4. Nxd4 Nf6 5. Nc3 a6 6. Bg5 e6 7. f4 Nbd7 8. Qf3 Qc7 9. O-O-O Be7 10. Kb1 h6 11. Bh4 g5 12. fxg5 Ne5 13. Qf2 Nfg4 14. Qe1 hxg5 15. Bg3 b5 16. h3 Nf6 17. Bd3 Nh5 18. Bf2 Nf4 19. Bf1 b4 20. Nce2 Bb7 21. Nxf4 gxf4 22. Qxb4 Bxe4 23. Qa4+ Nd7 24. Nxe6 Bxc2+ 25. Qxc2 Qxc2+ 26. Kxc2 fxe6 27. Be2 Ne5 28. Bd4 Rg8 29. Bxe5 Rxg2 30. Rd2 f3 31. Bxf3 Rc8+ 32. Bc3 1-0


[Site "https://www.chess.com"]

[Event "Titled Tuesday Blitz June 6 Late 2023"]
[White "Alexikov, Alexander"]
[Black "reevecanada"]
[WhiteFideId "14103958"]
[WhiteElo "2186"]
[BlackElo "2596"]
[Result "0-1"]
[Round "7"]
[TimeControl "180+2"]
[Date "2023.06.07"]
[WhiteClock "0:00:03"]
[BlackClock "0:00:14"]
[Board "61"]

1. e4 c5 2. Nf3 d6 3. d4 cxd4 4. Nxd4 Nf6 5. Nc3 a6 6. Be2 e5 7. Nb3 Be7 8. O-O Be6 9. Kh1 O-O 10. f4 exf4 11. Bxf4 Nc6 12. Qe1 Kh8 13. Rd1 Qc7 14. Qg3 Ne5 15. Nd4 b5 16. a3 Ng8 17. Nd5 Bxd5 18. exd5 Bf6 19. c3 g6 20. Nc6 Bg7 21. h3 f6 22. Rf2 Ne7 23. Nd4 Qd7 24. Ne6 Rfe8 25. Bxe5 dxe5 26. Nxg7 Kxg7 27. Qf3 Qd6 28. g4 Rac8 29. Bf1 Ng8 30. Bg2 Rc4 31. Qe3 Rd8 32. Rdf1 h6 33. Re1 Ne7 34. Rd1 Rc5 35. a4 Nxd5 36. Qd3 bxa4 37. Rfd2 Qc7 38. Bxd5 Rcxd5 39. Qxd5 Rxd5 40. Rxd5 Qb6 41. R1d2 g5 42. Rd7+ Kg6 43. Kg2 h5 44. Re7 hxg4 45. hxg4 Qc6+ 46. Kg3 Qe4 47. Rdd7 Qf4+ 48. Kh3 Qf3+ 49. Kh2 Qxg4 50. Rg7+ Kf5 51. Rd6 Qe2+ 52. Kg3 Qxb2 53. Rf7 Qxc3+ 54. Kg2 e4 55. Rxa6 e3 0-1


[Site "https://www.chess.com"]

[Event "Titled Tuesday Blitz June 6 Late 2023"]
[White "Balla, Tamas-Kristof"]
[Black "ATM622"]
[WhiteFideId "1208497"]
[WhiteElo "2334"]
[BlackElo "2595"]
[Result "1-0"]
[Round "7"]
[TimeControl "180+2"]
[Date "2023.06.07"]
[WhiteClock "0:00:10"]
[BlackClock "0:00:02"]
[Board "62"]

1. e4 c6 2. d4 d5 3. exd5 cxd5 4. c4 e6 5. Nc3 Nf6 6. Nf3 dxc4 7. Bxc4 Bb4 8. O-O O-O 9. Bg5 Nbd7 10. Qe2 h6 11. Bh4 a6 12. Rad1 Be7 13. Rfe1 b5 14. Bb3 Nb6 15. Ne5 Bb7 16. Nxf7 Rxf7 17. Bxe6 Nbd5 18. Bxf7+ Kxf7 19. Qe6+ Kf8 20. Re5 Nf4 21. Qf5 Nxg2 22. Bg3 b4 23. Na4 Bc6 24. Nc5 Bxc5 25. Rxc5 Bd5 26. Rxd5 Qxd5 27. Qxd5 Nxd5 28. Kxg2 a5 29. Rc1 Ke7 30. Rc5 Ke6 31. Rc6+ Kf5 32. Rc5 Ke4 33. Be5 Ne7 34. Kf1 Kd3 35. Bxg7 Ng6 36. Bxh6 Rh8 37. Rh5 Nf4 38. Rh4 Ng6 39. Rh5 Nf4 40. Rf5 Ne6 41. Be3 Rxh2 42. Rxa5 Kc2 43. d5 Nd8 44. d6 Kxb2 45. Rb5 Ka3 46. Rb8 Nc6 47. Rb6 Nd8 48. Bg5 Ne6 49. d7 Nxg5 50. d8=Q Ne4 51. Qa8+ Kb2 52. Rxb4+ Kc3 53. Qxe4 Rh1+ 54. Qxh1 Kxb4 55. Qf3 Ka4 56. Qb3+ Ka5 57. Ke2 1-0


[Site "https://www.chess.com"]

[Event "Titled Tuesday Blitz June 6 Late 2023"]
[White "Santos Flores, Alberto"]
[Black "Harish, Neeraj"]
[WhiteFideId "3601234"]
[BlackFideId "30958130"]
[WhiteElo "2235"]
[BlackElo "1879"]
[Result "1/2-1/2"]
[Round "7"]
[TimeControl "180+2"]
[Date "2023.06.07"]
[WhiteClock "0:00:37"]
[BlackClock "0:00:12"]
[Board "63"]

1. e4 e5 2. Nf3 Nc6 3. Bc4 Nf6 4. d3 Bc5 5. c3 O-O 6. O-O d6 7. Bb3 a5 8. h3 h6 9. Re1 Ba7 10. Nbd2 Ne7 11. Nf1 Ng6 12. Ng3 Re8 13. d4 Be6 14. Bxe6 fxe6 15. dxe5 Nxe5 16. Nxe5 dxe5 17. Be3 Bxe3 18. Rxe3 Qe7 19. Rd3 Rad8 20. Rxd8 Rxd8 21. Qb3 b6 22. Rd1 Rd6 23. Rxd6 Qxd6 24. Qc2 c5 25. Kf1 b5 26. Ke2 Kf7 27. Qd3 Ke7 28. Qxd6+ Kxd6 29. b3 g6 30. f3 Nd7 31. Nf1 Nb6 32. Ne3 h5 33. Kd3 a4 34. c4 axb3 35. axb3 bxc4+ 36. Nxc4+ Nxc4 37. Kxc4 Kc6 38. h4 Kb6 39. b4 cxb4 40. Kxb4 Kc6 41. Kc4 Kb6 42. g3 Kc6 43. f4 exf4 44. gxf4 Kd6 45. Kd4 e5+ 46. fxe5+ Ke6 47. Ke3 Kxe5 48. Kf3 Kf6 49. Kf4 Ke6 50. Kg5 Ke5 51. Kxg6 Kxe4 52. Kxh5 Kf5 53. Kh6 Kf6 54. Kh7 Kf7 55. h5 Kf8 56. Kg6 Kg8 57. h6 Kh8 58. h7 1/2-1/2


[Site "https://www.chess.com"]

[Event "Titled Tuesday Blitz June 6 Late 2023"]
[White "marik_spb"]
[Black "Rustemov, Alexander"]
[BlackFideId "4119002"]
[WhiteElo "2445"]
[BlackElo "2828"]
[Result "0-1"]
[Round "7"]
[TimeControl "180+2"]
[Date "2023.06.07"]
[WhiteClock "0:00:01"]
[BlackClock "0:00:40"]
[Board "64"]

1. d4 g6 2. c4 Bg7 3. Nc3 c5 4. d5 Bxc3+ 5. bxc3 f5 6. h4 Nf6 7. Bg5 Ne4 8. Bd2 d6 9. Nf3 h6 10. Qc1 Qa5 11. g3 Nd7 12. Bg2 Nb6 13. O-O Nxc4 14. Bxh6 Qxc3 15. Qf4 Qf6 16. Ng5 Ncd2 17. Nxe4 Nxe4 18. Rac1 Bd7 19. f3 Nxg3 20. Qxg3 Rxh6 21. Rb1 O-O-O 22. f4 Qxh4 23. Qb3 Qh2+ 24. Kf2 Qxf4+ 25. Ke1 Qb4+ 26. Qxb4 cxb4 27. Rxb4 Kb8 28. Kd2 Rc8 29. Rfb1 b6 30. a4 Rc5 31. Bf3 g5 32. Ra1 Kc7 33. Ke3 Rh3 34. Kf2 g4 35. Bg2 Rhc3 36. Rh1 R5c4 37. Rxc4+ Rxc4 38. Rh7 Kd8 39. Rh8+ Be8 40. Rf8 Rxa4 41. Rxf5 a5 42. e3 b5 0-1


[Site "https://www.chess.com"]

[Event "Titled Tuesday Blitz June 6 Late 2023"]
[White "Hristodoulou, Panagiotis"]
[Black "Tejedor Fuente, Enrique"]
[WhiteFideId "4214340"]
[BlackFideId "2299100"]
[WhiteElo "2272"]
[BlackElo "2496"]
[Result "0-1"]
[Round "7"]
[TimeControl "180+2"]
[Date "2023.06.07"]
[WhiteClock "0:01:40"]
[BlackClock "0:01:44"]
[Board "65"]

1. e4 e5 2. Nf3 Nc6 3. Bc4 Nf6 4. d3 Bc5 5. O-O O-O 6. c3 d6 7. a4 a5 8. h3 Be6 9. Nbd2 h6 10. Re1 Qb8 11. Bxe6 fxe6 12. Nc4 Qa7 13. Be3 Rf7 14. Qb3 Bxe3 15. Rxe3 Nh5 16. g3 Nxg3 17. Nfxe5 Nxe5 18. Nxe5 dxe5 0-1


[Site "https://www.chess.com"]

[Event "Titled Tuesday Blitz June 6 Late 2023"]
[White "Skvortsov, Andrei"]
[Black "Pasti, Aron"]
[WhiteFideId "24108600"]
[BlackFideId "785857"]
[WhiteElo "2259"]
[BlackElo "2173"]
[Result "1-0"]
[Round "7"]
[TimeControl "180+2"]
[Date "2023.06.07"]
[WhiteClock "0:01:21"]
[BlackClock "0:00:03"]
[Board "66"]

1. g3 d5 2. Bg2 g6 3. f4 Bg7 4. Nf3 Nd7 5. O-O c6 6. d3 Ngf6 7. Nc3 O-O 8. e4 dxe4 9. dxe4 e5 10. h3 Nh5 11. Kh2 exf4 12. gxf4 Qc7 13. e5 f6 14. Qd6 Qxd6 15. exd6 f5 16. Be3 Ndf6 17. Rad1 Ne4 18. Nxe4 fxe4 19. Ne5 Bf5 20. c4 Nf6 21. b4 Rfd8 22. Rd4 a5 23. a3 axb4 24. axb4 Ra4 25. Bd2 Ra2 26. Re1 Bf8 27. c5 Bh6 28. Kg1 Nd5 29. Bxe4 Bxh3 30. Rxd5 cxd5 31. Bxd5+ Kg7 32. Bxa2 1-0


[Site "https://www.chess.com"]

[Event "Titled Tuesday Blitz June 6 Late 2023"]
[White "Do Valle Cardoso, Lucas"]
[Black "Baches Garcia, Guillermo"]
[WhiteFideId "2163144"]
[BlackFideId "2209764"]
[WhiteElo "2364"]
[BlackElo "2488"]
[Result "0-1"]
[Round "7"]
[TimeControl "180+2"]
[Date "2023.06.07"]
[WhiteClock "0:00:01"]
[BlackClock "0:00:06"]
[Board "67"]

1. e4 d5 2. exd5 Qxd5 3. Nc3 Qa5 4. Nf3 Nf6 5. d4 Bf5 6. Bd2 e6 7. Bc4 Bb4 8. a3 Bxc3 9. Bxc3 Qb6 10. Qe2 O-O 11. Bb4 Re8 12. Bc5 Qxb2 13. O-O Qxc2 14. Rfc1 Qxe2 15. Bxe2 Nc6 16. Bb5 Be4 17. Ne5 Nxe5 18. dxe5 c6 19. exf6 cxb5 20. f3 Bc6 21. Be7 Rec8 22. Kf2 Bd5 23. Ke3 Rc6 24. Rxc6 bxc6 25. Kd4 a5 26. Rb1 h5 27. Rb2 Kh7 28. Ke5 Rg8 29. Rd2 Kg6 30. f4 gxf6+ 31. Bxf6 Kh7 32. g3 b4 33. Be7 b3 34. f5 Rb8 35. Rb2 a4 36. Kf6 exf5 37. Kxf5 Be6+ 38. Kf4 Rb5 39. Ke4 Rd5 40. Bf6 Bf5+ 41. Ke3 Bc2 42. Bc3 Kg6 43. Ke2 Kf5 44. Bh8 Kg4 0-1


[Site "https://www.chess.com"]

[Event "Titled Tuesday Blitz June 6 Late 2023"]
[White "Ismayil, Malak"]
[Black "Matinian, Nikita"]
[WhiteFideId "13412604"]
[BlackFideId "24129100"]
[WhiteElo "1868"]
[BlackElo "2422"]
[Result "0-1"]
[Round "7"]
[TimeControl "180+2"]
[Date "2023.06.07"]
[WhiteClock "0:01:26"]
[BlackClock "0:02:17"]
[Board "68"]

1. e4 d6 2. d4 g6 3. Nc3 Bg7 4. Be3 a6 5. Qd2 b5 6. a3 Bb7 7. f3 Nd7 8. h4 h5 9. Nh3 c5 10. Ng5 Rc8 11. Be2 Bxd4 12. Bxd4 cxd4 13. Qxd4 Ngf6 14. O-O Qb6 15. Qxb6 Nxb6 16. Rad1 Nfd7 17. Bd3 Ne5 18. Nb1 Nec4 19. Bxc4 Nxc4 20. Kf2 Nxb2 21. Rd2 Nc4 22. Rd3 f6 23. Ne6 Kf7 24. Nf4 Rc7 25. c3 Rhc8 26. Re1 Nb6 27. g4 hxg4 28. fxg4 Na4 29. Ree3 Nc5 30. Rd4 e5 31. Rxd6 exf4 0-1


[Site "https://www.chess.com"]

[Event "Titled Tuesday Blitz June 6 Late 2023"]
[White "Petesch, Gabriel"]
[Black "laziestwin"]
[WhiteFideId "2032465"]
[WhiteElo "2374"]
[BlackElo "2658"]
[Result "1-0"]
[Round "7"]
[TimeControl "180+2"]
[Date "2023.06.07"]
[WhiteClock "0:00:18"]
[BlackClock "0:00:03"]
[Board "69"]

1. e3 d5 2. d4 Nf6 3. Nf3 Bf5 4. Bd3 Bxd3 5. cxd3 e6 6. Qb3 Qc8 7. Nc3 c6 8. O-O Be7 9. e4 O-O 10. Bf4 Nbd7 11. Rac1 b6 12. Ne5 Nxe5 13. dxe5 Nh5 14. Bd2 Qd8 15. g4 Bg5 16. f4 Bxf4 17. Bxf4 Nxf4 18. Rxf4 Qg5 19. Rcf1 Qxe5 20. exd5 exd5 21. d4 Qe3+ 22. Kg2 Rae8 23. R1f2 h6 24. h3 Re6 25. Qa3 a5 26. Qb3 b5 27. Qd1 f6 28. R4f3 Qg5 29. Rf5 Qg6 30. Ne2 Qf7 31. Nf4 Re4 32. Ne2 Rfe8 33. Ng3 Re3 34. R5f3 Re1 35. Qd3 Qe6 36. Nf5 Ra1 37. Nxh6+ gxh6 38. Qg6+ Kh8 39. Qxh6+ Kg8 40. Qg6+ Kh8 41. Rf5 Qe4+ 42. Kg3 Rg1+ 43. Kh4 Qe3 44. Rh5+ 1-0


[Site "https://www.chess.com"]

[Event "Titled Tuesday Blitz June 6 Late 2023"]
[White "Zhurbinsky, David"]
[Black "Seletsky, Grigory"]
[WhiteFideId "2072904"]
[BlackFideId "14112191"]
[WhiteElo "2652"]
[BlackElo "2491"]
[Result "1-0"]
[Round "7"]
[TimeControl "180+2"]
[Date "2023.06.07"]
[WhiteClock "0:00:06"]
[BlackClock "0:00:14"]
[Board "70"]

1. e4 c6 2. d4 d5 3. Nc3 dxe4 4. Nxe4 Nd7 5. Nf3 Ngf6 6. Nxf6+ Nxf6 7. c3 Bg4 8. Be2 e6 9. h3 Bh5 10. Ne5 Bxe2 11. Qxe2 Nd7 12. Bf4 Be7 13. O-O Nxe5 14. Bxe5 Bf6 15. Rad1 O-O 16. Qg4 Qe7 17. f4 Rad8 18. Bxf6 Qxf6 19. f5 Rd6 20. Rde1 exf5 21. Rxf5 Qd8 22. Rfe5 Rd7 23. h4 h6 24. R1e3 Kh7 25. Rg3 g6 26. Rge3 Rc7 27. h5 g5 28. Qe4+ Kg7 29. Rf3 Qd6 30. Rff5 Rd7 31. Kh1 Rc8 32. a3 Rcc7 33. Qg4 f6 34. Re6 Qxe6 35. Rxg5+ hxg5 36. Qxe6 Rf7 37. Qf5 Rce7 38. Qg6+ Kf8 39. Kh2 a5 40. a4 Ke8 41. b4 axb4 42. cxb4 Kd8 43. h6 Kd7 44. a5 Kd6 45. Qf5 Rd7 46. b5 cxb5 47. Qxb5 Kc7 48. Qb6+ Kc8 49. Qe6 Rh7 50. Qxf6 Rxd4 51. Qxd4 1-0


[Site "https://www.chess.com"]

[Event "Titled Tuesday Blitz June 6 Late 2023"]
[White "Della Morte, German"]
[Black "Ibadov, Dashgyn"]
[WhiteFideId "113522"]
[BlackFideId "24107514"]
[WhiteElo "2306"]
[BlackElo "2208"]
[Result "0-1"]
[Round "7"]
[TimeControl "180+2"]
[Date "2023.06.07"]
[WhiteClock "0:01:34"]
[BlackClock "0:00:06"]
[Board "71"]

1. e4 c5 2. Nc3 Nc6 3. g3 g6 4. Bg2 Bg7 5. d3 d6 6. f4 Rb8 7. Nf3 b5 8. O-O e6 9. Rb1 Nge7 10. Be3 b4 11. Ne2 O-O 12. h3 a5 13. g4 f5 14. Ng3 Nd4 15. Nxd4 cxd4 16. Bd2 Bb7 17. Qe2 Rc8 18. Rbc1 Qd7 19. Rfe1 Rc7 20. exf5 exf5 21. Bxb7 Rxb7 22. Qe6+ Qxe6 23. Rxe6 fxg4 24. hxg4 Nd5 25. f5 Be5 26. Ne4 gxf5 27. Nxd6 Bxd6 28. Rxd6 Ne3 29. Rxd4 Nxg4 30. Kg2 Re8 31. Kf3 Rbe7 32. Rg1 Re2 33. Bh6 Rf2+ 34. Kg3 Rxc2 35. Kf4 Kf7 36. Kxf5 Nxh6+ 37. Kg5 Re5+ 38. Kf4 Rf5+ 39. Ke3 Rxb2 40. Rd7+ Ke6 41. Rxh7 Nf7 42. Rg6+ Rf6 43. Rg4 Ne5 44. Re4 Rf3+ 45. Kd4 Rxd3+ 46. Kc5 Rc2+ 47. Kb6 Kd5 48. Re1 Nc4+ 49. Kb7 Nd6+ 50. Kb6 a4 51. Rh5+ Kc4 52. Rh4+ Kc3 53. Rb1 Nc4+ 54. Kb5 Na3+ 55. Kxa4 Nxb1 56. Rxb4 Rxa2+ 57. Kb5 Rb2 0-1


[Site "https://www.chess.com"]

[Event "Titled Tuesday Blitz June 6 Late 2023"]
[White "Rego, Pedro Filipe"]
[Black "Goryachkina, Aleksandra"]
[WhiteFideId "1904310"]
[BlackFideId "4147103"]
[WhiteElo "2193"]
[BlackElo "2471"]
[Result "0-1"]
[Round "7"]
[TimeControl "180+2"]
[Date "2023.06.07"]
[WhiteClock "0:01:08"]
[BlackClock "0:02:02"]
[Board "72"]

1. d4 Nf6 2. Nc3 e6 3. e4 d5 4. e5 Nfd7 5. f4 c5 6. Nf3 Nc6 7. Be3 a6 8. Qd2 b5 9. dxc5 Bxc5 10. O-O-O Qb6 11. Nd4 Bb7 12. Kb1 Rc8 13. Nce2 b4 14. h4 a5 15. h5 a4 16. g4 Na5 17. Qc1 b3 18. axb3 axb3 19. c3 Nc4 20. h6 g6 21. Bg1 Ra8 22. Nxb3 Qxb3 23. Qc2 Na3+ 0-1


[Site "https://www.chess.com"]

[Event "Titled Tuesday Blitz June 6 Late 2023"]
[White "Roienko, Artur"]
[Black "Schnaider, Ilan"]
[WhiteFideId "14136732"]
[BlackFideId "169013"]
[WhiteElo "2062"]
[BlackElo "2224"]
[Result "0-1"]
[Round "7"]
[TimeControl "180+2"]
[Date "2023.06.07"]
[WhiteClock "0:00:01"]
[BlackClock "0:00:07"]
[Board "73"]

1. e4 e5 2. Nf3 Nc6 3. Nc3 Nf6 4. d4 exd4 5. Nxd4 Bb4 6. Nxc6 bxc6 7. Bd3 d5 8. exd5 O-O 9. O-O Bg4 10. f3 Bh5 11. dxc6 Qd4+ 12. Kh1 Rfd8 13. Bg5 Bxc3 14. bxc3 Qxc3 15. Bxf6 Qxf6 16. Qe2 Qxc6 17. Be4 Qe6 18. Rfe1 Rab8 19. Qf2 Qf6 20. Qxa7 c6 21. Qa5 Bg6 22. Bxg6 hxg6 23. Rad1 Re8 24. Qc5 Rxe1+ 25. Rxe1 Rb5 26. Qe3 Rb2 27. a4 Rxc2 28. a5 Ra2 29. Qb6 Qc3 30. Rd1 Rxa5 31. Qd8+ Kh7 32. Qd7 Rd5 33. Qh3+ Rh5 34. Qd7 Qe5 35. h3 Qf6 36. Rd6 Qa1+ 37. Kh2 Qe5+ 38. Kh1 c5 39. Rc6 Rf5 40. Qc7 Qa1+ 41. Kh2 Qd4 42. Rd6 Qf4+ 43. Kh1 Rd5 44. Rd7 Rd1+ 45. Rxd1 Qxc7 0-1


[Site "https://www.chess.com"]